General information
- name: grudge
- type: Custom game
- host: TIMG4strok
- saver: TIMG4strok
map: MeltingValley
- players: 2
- length: 14:48
- speed: Fast
- version: 1.23 W3XP
- replay type:

» download(64 KB)
Players
team 1 (winner)
TIMG4strok (
gray | 124 APM | 1836 actions | 14:48)
4 Warden
2 Shadow Strike
2 Blink
3 Pandaren Brewmaster
2 Breath of Fire
1 Drunken Haze
» actions
| Assign group hotkey | 22 | |
| Basic commands | 30 | |
| Build / train | 54 | |
| ESC pressed | 4 | |
| Enter build submenu | 19 | |
| Enter hero's abilities submenu | 7 | |
| Right click | 902 | |
| Select / deselect | 215 | |
| Select group hotkey | 506 | |
| Use ability | 77 | |
1836 total
» units
» upgrades
| Abolish Magic | 1 | |
| Improved Bows | 1 | |
2 total
» buildings
| Altar of Elders | 1 | |
| Moon Well | 5 | |
| Ancient of War | 1 | |
| Tree of Ages | 1 | |
| Hunter's Hall | 1 | |
| Ancient of Lore | 2 | |
| Ancient Protector | 6 | |
| Ancient of Wonders | 1 | |
| Tree of Eternity | 1 | |
| Tree of Life | 1 | |
20 total
» build order
00:05 Altar of Elders
00:18 Moon Well
00:39 Ancient of War
01:45 Moon Well
02:45 Moon Well
03:12 Tree of Ages
06:01 Hunter's Hall
07:18 Ancient of Lore
07:19 Ancient of Lore
07:21 Ancient Protector
07:39 Ancient Protector
07:58 Ancient Protector
08:16 Ancient Protector
08:22 Ancient of Wonders
08:45 Moon Well
09:35 Tree of Eternity
09:46 Ancient Protector
12:42 Moon Well
13:38 Ancient Protector
13:56 Tree of Life
» items
| Boots of Speed | 1 | |
| Staff of Preservation | 1 | |
| Lesser Clarity Potion | 1 | |
| Potion of Healing | 1 | |
| Orb of Venom | 1 | |
5 total
team 2 (loser)

»
Mata. (
green | 162 APM | 2396 actions | 14:47)
2 Death Knight
1 Death Coil
1 Unholy Aura
2 Lich
1 Frost Nova
1 Frost Armor
» actions
| Assign group hotkey | 375 | |
| Basic commands | 1 | |
| Build / train | 65 | |
| Enter build submenu | 15 | |
| Enter hero's abilities submenu | 5 | |
| Remove unit from queue | 2 | |
| Right click | 1121 | |
| Select / deselect | 592 | |
| Select group hotkey | 156 | |
| Use ability | 64 | |
2396 total
» units
» upgrades
» buildings
| Altar of Darkness | 1 | |
| Ziggurat | 4 | |
| Crypt | 2 | |
| Tomb of Relics | 2 | |
| Halls of the Dead | 2 | |
| Graveyard | 1 | |
| Spirit Tower | 6 | |
| Black Citadel | 2 | |
20 total
» build order
00:05 Altar of Darkness
00:08 Ziggurat
00:23 Crypt
00:57 Tomb of Relics
01:29 Ziggurat
03:00 Halls of the Dead
03:03 Graveyard
04:06 Crypt
04:12 Ziggurat
04:21 Ziggurat
10:31 Spirit Tower
10:31 Spirit Tower
10:32 Spirit Tower
10:39 Spirit Tower
10:39 Spirit Tower
12:33 Black Citadel
12:54 Tomb of Relics
» items
| Rod of Necromancy | 7 | |
| Potion of Healing | 1 | |
| Scroll of Healing | 1 | |
9 total
Chat log
(00:13 / All) Mata.: i ud
(00:16 / All) Mata.: and fuck up build :-)
(00:21 / All) TIMG4strok: xd
(00:28 / All) Mata.: is nice!!!! :))
(00:43 / All) Mata.: ud weirdest race
(00:47 / All) TIMG4strok: ud gayest race
(00:51 / All) Mata.: aco altar crypt zig aco ?
(01:38 / All) Mata.: do you always try to block buildings ?
(01:46 / All) TIMG4strok: why not
(01:51 / All) TIMG4strok: nothing else to do before hero is out
(01:51 / All) Mata.: yeah i dunno
(05:58 / All) Mata.: wtf
(06:15 / All) TIMG4strok: i fucked up big time
(09:33 / All) Mata.: my tp button didnt work :(
(14:46 / All) Mata.: gg